Cogmind - Beta 17 @@@ ROGUE MODE // 2026.06.28 @ 03:44:48 Player: Scuttle Result: Destroyed by Striker with Compact Linear Accelerator Performance ------------- Evolutions (8) 4000 Regions Visited (20) 4000 Robots Destroyed (307) 1535 Value Destroyed (14225) 14225 Prototype IDs (75) 1500 Alien Tech Used (5) 1000 Bonus (39491) 39491 TOTAL SCORE: 65751 Bonus ------- Triggered High Security 1500 High Alert Combat Kills 4174 Follower Combat Kills 5311 Prayed to X0-1V1 5000 Major X0-1V1 Interference 13250 Network Hubs Disabled 200 Met Zhirov 300 Met Warlord at Base 500 MAIN.C Attacked Warlord 500 Warlord Defense Kills 2938 Built Enhanced Grunts 300 Read Decrypted Archives 300 Used Core Reset Matrix 3000 Met Warlord at Research 2000 Scanned by Researcher 500 Friendly Fire -282 Cogmind --------- Core Integrity 0/1300 Matter 196/300 Energy 299/300 System Corruption 2% Temperature Cool (45) Movement Core (50) Location -2/Quarantine Parts ------- > --- POWER (2) -------- (None) > --- PROPULSION (7) --- (None) > --- UTILITY (12) ----- (None) > --- WEAPON (5) ------- (None) > --- INVENTORY (5) ---- Advanced Particle Charger Improved Cloaking Device Enhanced Nova Cannon Core Cannon Peak State ------------ > --- POWER ------------ Improved Quantum Reactor Improved Quantum Reactor > --- PROPULSION ------- Improved Thunder Leg Centrium Leg Centrium Leg Centrium Leg Heavy Shield Leg High-density Centrium Leg > --- UTILITY ---------- Experimental Heat Sink Large Storage Unit Advanced Signal Interpreter Experimental Targeting Computer Experimental Core Analyzer Experimental Weapon Cycler Experimental Reaction Control System Advanced Phase Shifter Phase Armor Advanced Focal Shield Experimental Shield Generator > --- WEAPON ----------- Enhanced Nova Cannon Sigix Broadsword > --- INVENTORY -------- Quantum Reactor Advanced Sensor Array Advanced Particle Charger Improved Cloaking Device Centrium Medium Armor Plating Thermal Barrier Advanced EM Shield Dimensional Node Initializer Core Reset Matrix Subatomic Replicator Terrabomb Compact HERF Cannon Core Cannon Fusion Bomb Launcher [Rating: 237] Favorites ----------- Power Improved Quantum Reactor Engine Ion Engine Power Core Neutrino Core Reactor Improved Quantum Reactor Propulsion Flexi-carbon Leg Treads Light Treads Leg Flexi-carbon Leg Wheel Compact Wheel Hover Unit Improved Antigrav System Flight Unit Improved Flight Unit Utility Advanced Signal Interpreter Device Advanced Sensor Array Storage Large Storage Unit Processor Advanced Signal Interpreter Hackware Improved Hacking Suite Protection Light Armor Plating Artifact Phase Armor Weapon Hypervelocity Multirail Energy Gun Small Laser Energy Cannon Advanced Plasma Cannon Ballistic Gun Hypervelocity Multirail Ballistic Cannon Improved Light Cannon Launcher Mini Grenade Launcher Impact Weapon Mace Slashing Weapon Sigix Broadsword Piercing Weapon Enhanced Force Lance Build | -11 -10 -9 -9 -9 -9 -6 -5 -5 -5 -5 -5 -4 -4 -4 -4 -3 -3 -3 -2 -2 ------- Run | Yrd Mat Mat Sto Rec Scr Fac Fac Ext Cet Arc Hub Fac Upp Upp War Pro Res Tes Res Qua Slots Evolved 16 | . . 2 . . . 6 2 . . . . 2 . . . . 2 . 2 . Power . | . . . . . . . . . . . . . . . . . . . . . Propulsion 6 | . . . . . . 5 . . . . . . . . . . 1 . . . Utility 9 | . . 2 . . . 1 2 . . . . 1 . . . . 1 . 2 . Weapon 1 | . . . . . . . . . . . . 1 . . . . . . . . Parts Attached 307 | 8 12 23 25 4 . 22 6 16 9 . 1 18 5 3 22 . 54 44 21 14 Power 42 | 1 5 4 7 . . 2 . 4 1 . . 1 . . 1 . 6 6 1 3 Engine 16 | 1 4 4 7 . . . . . . . . . . . . . . . . . Core 7 | . 1 . . . . 1 . 4 . . . . . . . . 1 . . . Reactor 19 | . . . . . . 1 . . 1 . . 1 . . 1 . 5 6 1 3 Propulsion 79 | 3 1 4 6 1 . 6 3 4 1 . . 4 . . 10 . 17 14 4 1 Treads 14 | 1 1 1 4 . . . . . . . . . . . 1 . . 6 . . Leg 26 | . . . . . . . . 1 1 . . 4 . . 9 . 1 5 4 1 Wheel 14 | 2 . 3 1 1 . . . . . . . . . . . . 4 3 . . Hover 17 | . . . . . . 1 2 3 . . . . . . . . 11 . . . Flight 8 | . . . 1 . . 5 1 . . . . . . . . . 1 . . . Utility 131 | 2 4 9 8 1 . 12 2 4 4 . 1 9 3 2 8 . 22 19 13 8 Device 76 | 1 3 5 3 1 . 3 . 2 3 . 1 8 3 1 3 . 14 11 8 6 Storage 6 | 1 1 1 . . . . . . . . . . . . . . 1 2 . . Processor 24 | . . . 1 . . 5 1 . . . . . . 1 3 . 5 5 2 1 Hackware 3 | . . . . . . 2 . . . . . . . . . . 1 . . . Protection 21 | . . 3 4 . . 2 1 2 1 . . 1 . . 2 . 1 1 3 . Artifact 1 | . . . . . . . . . . . . . . . . . . . . 1 Weapon 55 | 2 2 6 4 2 . 2 1 4 3 . . 4 2 1 3 . 9 5 3 2 Energy Gun 19 | 2 2 4 . 2 . . . . 2 . . 1 . 1 . . 2 1 2 . Energy Cannon 5 | . . . 1 . . . . . . . . . 1 . . . 2 1 . . Ballistic Gun 16 | . . 1 1 . . 1 . 3 1 . . 3 1 . . . 3 2 . . Ballistic Cannon 6 | . . 1 1 . . . . 1 . . . . . . 2 . . 1 . . Launcher 3 | . . . 1 . . . . . . . . . . . . . . . 1 1 Special Weapon . | . . . . . . . . . . . . . . . . . . . . . Impact Weapon . | . . . . . . . . . . . . . . . . . . . . . Slashing Weapon 3 | . . . . . . 1 1 . . . . . . . . . . . . 1 Piercing Weapon 3 | . . . . . . . . . . . . . . . 1 . 2 . . . Special Melee Weapon . | . . . . . . . . . . . . . . . . . . . . . Unidentified Prototypes 51 | . 1 . 3 . . 2 1 . 2 . . . . . 9 . 4 13 7 9 Corrupted Parts 2 | . . . . 1 . . . . . . . . . . . . . 1 . . System Corruption 5 | . . . . 4 . . . . . . . . . . . . . 1 . . Parts Lost 59 | . 1 4 4 . . 1 . 3 . . 3 . 1 2 1 8 14 2 . 15 Power 8 | . 1 . 1 . . . . . . . . . . 1 . 1 2 . . 2 Propulsion 19 | . . . . . . 1 . 2 . . 1 . . . . 4 6 1 . 4 Utility 21 | . . 2 2 . . . . . . . 1 . 1 1 . 3 3 1 . 7 Weapon 11 | . . 2 1 . . . . 1 . . 1 . . . 1 . 3 . . 2 Highest Loss Streak 14 | . 1 3 2 . . 1 . 1 . . 2 . 1 2 1 5 11 1 . 14 To Critical Strikes 1 | . . . . . . . . . . . . . . . . . . . . 1 Average Backups 8 | 1 5 9 14 10 12 4 4 3 4 4 5 4 5 3 4 4 6 9 13 14 Power . | . . . 1 1 1 . . 1 1 1 1 1 . . . . . . 1 . Propulsion 1 | 1 1 1 5 6 7 . . . . . . . . . . . . . . . Utility 2 | . 1 1 1 . 2 2 1 1 1 2 2 1 2 1 1 2 3 4 7 7 Weapon 2 | . 1 4 4 2 1 1 1 1 1 1 2 1 2 2 2 1 1 3 3 3 Tool/Special . | . . . . . . . . . . . . . . . . . . . . . Unused Backups 35 | . 1 2 6 . . 5 . 1 2 . . . 2 . . . 3 3 1 9 Power 2 | . . . . . . . . . . . . . 1 . . . . . 1 . Propulsion 2 | . . 1 . . . . . . . . . . . . . . . 1 . . Utility 18 | . 1 1 2 . . 4 . 1 2 . . . 1 . . . . 1 . 5 Weapon 10 | . . . 4 . . . . . . . . . . . . . 3 1 . 2 Tool/Special 3 | . . . . . . 1 . . . . . . . . . . . . . 2 Average Slot Usage (%) 87 | . 99 92 94 86 90 91 67 73 77 82 79 81 99 93 90 72 72 87 89 87 Engine 5 | . 14 17 19 20 20 7 . . . . . . . . 1 . . . . . Core 1 | . 3 1 . . . 3 . 3 6 4 5 3 . . . . 1 . . . Reactor 4 | . . . . . . . 5 . 2 4 5 6 9 5 5 4 5 9 7 7 Treads 3 | . 10 2 13 12 . . . . . . . . . . . . . 7 1 . Leg 12 | . . . . . . . . 3 15 20 22 19 35 30 30 23 2 11 21 24 Wheel 3 | . 13 10 6 3 10 . . . . . . . . . . . 3 2 . . Hover 2 | . . . . . . . 6 17 7 . . . . . . . 10 1 . . Flight 1 | . . . . . . 34 17 . . . . . . . . . . . . . Device 18 | . 13 24 25 16 20 9 5 6 10 15 13 20 24 23 20 17 15 16 23 24 Storage 4 | . 14 10 10 10 10 . . . . . . . . . . . 2 4 3 3 Processor 11 | . . . 1 . . 15 18 19 13 15 16 15 15 19 21 19 16 20 11 11 Protection 4 | . . 9 8 10 10 3 1 4 4 4 5 3 5 5 4 2 . 4 3 2 Energy Gun 5 | . 28 16 . 7 20 4 . . 2 6 4 8 . 3 2 . . . 4 1 Ballistic Gun 3 | . . . . . . 1 . 7 10 7 3 4 9 5 2 . . 6 7 3 Ballistic Cannon 1 | . . 1 9 . . . . . . . . . . . 2 . . . 1 . Peak Build Rating 237 | 7 21 17 28 15 16 62 73 95 116 116 101 118 124 121 140 127 147 194 225 237 Average Rating 97 | 5 9 13 20 14 15 55 58 69 100 104 95 105 115 117 131 106 99 159 212 218 On Entrance 78 | . 7 11 16 13 15 16 56 63 95 116 101 86 116 110 121 121 55 136 194 209 Avg Prop Armor Cover (%) 9 | 14 14 9 8 . . 6 11 12 12 . . . . 4 4 30 11 10 5 2 Naked Turns . | . . . . . . . . . . . . . . . . . . . . . Heaviest Build 130 | 13 33 45 49 41 41 41 26 40 66 66 54 65 64 57 101 71 68 95 119 130 Greatest Support 210 | 20 16 38 49 40 16 30 32 46 75 75 75 140 140 140 140 140 85 187 210 210 Greatest Overweight (x) 4 | 1 2 2 2 2 2 2 . . . . . 1 . . . . 4 4 . . Average Overweight (x) . | . . 1 . . 2 . . . . . . . . . . . . . . . Largest Inventory Capacity 15 | 8 15 15 15 15 15 15 5 5 5 5 5 5 5 5 5 5 10 15 15 15 Average Capacity 10 | 7 11 15 15 15 15 5 5 5 5 5 5 5 5 5 5 5 8 11 15 15 Most Carried 15 | 3 8 15 15 12 13 13 5 5 5 5 5 5 5 5 5 5 10 14 15 15 Average Carried 8 | 2 5 9 14 10 12 5 4 3 4 4 5 4 4 3 4 4 6 10 13 14 Final Capacity 15 | 8 15 15 15 15 15 5 5 5 5 5 5 5 5 5 5 5 10 15 15 5 Final Carried 15 | 3 7 14 12 10 13 5 3 5 4 5 5 5 5 4 5 5 8 14 15 5 Class Distribution -------------------- 38% | Scavenger-Mutant 22% | Scavenger-Skirmisher 11% | Scavenger-Tank 7% | Mutant 3% | Scavenger-Gunner 3% | Sprinter Dominant Class ---------------- Mutant | -10/Materials Scavenger-Mutant | -9/Materials Scavenger-Mutant | -9/Storage Scavenger-Mutant | -9/Recycling Scavenger-Mutant | -9/Scraptown Sprinter | -6/Factory Gladiator | -5/Factory Commander-Mutant | -5/Extension Scavenger-Gunner | -5/Cetus Scavenger-Mutant | -5/Archives Scavenger-Mutant | -5/Hub_04(d) Scavenger-Skirmisher | -4/Factory Scavenger-Skirmisher | -4/Upper Caves Scavenger-Skirmisher | -4/Upper Caves Scavenger-Skirmisher | -4/Warlord Scavenger-Mutant | -3/Proximity Caves Scavenger-Skirmisher | -3/Research Scavenger-Skirmisher | -3/Testing Scavenger-Tank | -2/Research Scavenger-Mutant | -2/Quarantine Resources | -11 -10 -9 -9 -9 -9 -6 -5 -5 -5 -5 -5 -4 -4 -4 -4 -3 -3 -3 -2 -2 ----------- Run | Yrd Mat Mat Sto Rec Scr Fac Fac Ext Cet Arc Hub Fac Upp Upp War Pro Res Tes Res Qua Matter Collected 10418 | 207 208 307 896 . 35 347 197 1047 255 . . 542 192 348 1629 80 865 1771 791 701 Remotely . | . . . . . . . . . . . . . . . . . . . . . Salvage Created 15757 | 154 509 1120 1044 100 . 263 197 1590 73 112 192 548 236 323 885 94 1570 2503 1338 2906 Parts 719 | 8 29 59 75 2 . 19 5 60 3 5 11 24 15 6 30 5 80 139 52 92 Haulers Intercepted 18 | . 2 4 6 . . . . 1 . . . . . . . . 1 3 1 . Recyclers Shooed 9 | . 1 3 . 1 . . . . . . . . . . . . 4 . . . Parts Field Recycled . | . . . . . . . . . . . . . . . . . . . . . Retrieved Matter . | . . . . . . . . . . . . . . . . . . . . . Parts Self-Destructed 19 | . . . . . . . . . . . . . 10 5 . 4 . . . . Prevented . | . . . . . . . . . . . . . . . . . . . . . Parts Restored . | . . . . . . . . . . . . . . . . . . . . . Kills | -11 -10 -9 -9 -9 -9 -6 -5 -5 -5 -5 -5 -4 -4 -4 -4 -3 -3 -3 -2 -2 ------- Run | Yrd Mat Mat Sto Rec Scr Fac Fac Ext Cet Arc Hub Fac Upp Upp War Pro Res Tes Res Qua Combat Hostiles Destroyed 227 | . 10 25 31 . . 5 1 19 1 2 6 11 11 4 19 3 16 20 16 27 Melee 12 | . . . . . . 4 1 3 . . . . . . . . . 3 . 1 Guns 124 | . 10 23 . . . 1 . 10 1 2 3 11 1 . 2 . 3 17 16 24 Cannons 56 | . . 2 30 . . . . 2 . . . . . . 16 1 5 . . . AOE 32 | . . . 1 . . . . 4 . . 3 . 10 4 . 2 6 . . 2 Classes Destroyed 23 | 2 4 2 3 . . 1 . 3 . . 1 . . . 4 . . 1 2 . Worker 8 | . . . 4 . . 1 . . . . . . . . . . . 2 . 1 Builder 7 | . 1 . 1 . . 1 . 1 . . . . . . . . 1 1 . 1 Tunneler 5 | 4 1 . . . . . . . . . . . . . . . . . . . Hauler 18 | . 2 4 6 . . . . 1 . . . . . . . . 1 3 1 . Recycler 22 | 1 1 3 1 1 . . 1 4 . . . . . . . . 5 4 . 1 Mechanic 2 | . . . . . . . . . . . . . . . . . . . 1 1 Operator 2 | . . . . . . 1 . 1 . . . . . . . . . . . . Watcher 7 | . . . . . . . . 1 1 . 1 . . . . . 2 . 1 1 Swarmer 48 | . 3 4 6 . . 4 . 4 . . . 4 10 . 2 2 7 . 2 . Cutter 4 | . . . . . . . . . . . 4 . . . . . . . . . Saboteur 1 | . . . . . . . . . . . . . . . 1 . . . . . Grunt 84 | . 7 14 12 . . . 1 9 . 2 2 3 . 4 7 . 1 8 . 14 Brawler 5 | . . 1 1 . . . . . . . . . . . . . . . . 3 Duelist 3 | . . . 1 . . . . . . . . . . . . . 1 . . 1 Protector 1 | . . . 1 . . . . . . . . . . . . . . . . . Researcher 8 | . . . . . . . . . . . . . . . . . . 3 . 5 Sentry 25 | . . 6 10 . . 1 . 2 . . . . 1 . . . . 1 3 1 Demolisher 1 | . . . . . . . . . . . . . . . . . . . 1 . Specialist 3 | . . . . . . . . . . . . . . . 3 . . . . . Hunter 13 | . . . . . . . . 1 . . . 2 . . 1 . . . 3 6 Programmer 29 | . . . . . . . . 3 . . . 2 . . . 1 7 11 3 2 Cetus Guard 1 | . . . . . . . . . 1 . . . . . . . . . . . Investigator 1 | . . . . . . . . . . . . . . . . . . . . 1 Striker 4 | . . . . . . . . . . . . . . . 1 . . . 3 . Executioner 5 | . . . . . . . . . . . . . . . 4 . . . 1 . Packrat 1 | . . . . . . . . . . . . . . 1 . . . . . . Best Kill Streak 11 | 5 3 6 9 1 . 5 1 7 1 2 5 4 6 4 5 2 9 4 8 11 Combat Bots Only 8 | . 3 4 7 . . 4 1 7 1 2 4 4 6 4 5 2 4 3 7 8 Max Kills in Single Turn 4 | 1 1 1 1 1 . 1 1 2 1 1 2 2 4 3 1 1 4 2 2 2 Gunslinging 1 | . . . . . . . . . . . . . . . . . . 1 1 1 Exploded 4 | . . . 1 . . . . 2 . . 1 . 4 3 . 1 2 . . 1 Melee 1 | . . . . . . 1 1 1 . . . . . . . . . 1 . 1 Uniques/NPCs Destroyed . | . . . . . . . . . . . . . . . . . . . . . Combat | -11 -10 -9 -9 -9 -9 -6 -5 -5 -5 -5 -5 -4 -4 -4 -4 -3 -3 -3 -2 -2 -------- Run | Yrd Mat Mat Sto Rec Scr Fac Fac Ext Cet Arc Hub Fac Upp Upp War Pro Res Tes Res Qua Hostile Shots Fired 2055 | . 59 73 166 . . 61 22 83 1 . 103 72 62 8 240 62 120 80 23 820 Missed 954 | . 15 25 53 . . 33 9 27 1 . 26 27 29 6 121 27 44 27 13 471 Deflected 7 | . . . . . . . . . . . . . . . . . . . . 7 Hits 1101 | . 44 48 113 . . 28 13 56 . . 77 45 33 2 119 35 76 53 10 349 Melee 29 | . . . 2 . . . . . . . 5 . . . 6 . . . . 16 Projectile 1072 | . 44 48 111 . . 28 13 56 . . 72 45 33 2 113 35 76 53 10 333 AOE 8 | . . . . . . . . . . . 3 . . . . . . 1 3 1 Critical Strikes 50 | . . 3 2 . . . . 3 . . 4 2 2 . 4 . 8 2 . 20 Part Disruptions 2 | . . . . . . . . . . . . . . . . . 1 . . 1 Damage Taken 20097 | . 534 722 1385 . . 420 241 1109 . . 1385 597 565 42 2633 820 1644 1313 321 6366 Core 2790 | . 78 94 182 . . 106 18 112 . . 160 63 21 . 211 51 323 57 42 1272 Absorbed by Shields 1817 | . . . 146 . . . . 194 . . . 223 203 6 . . . 76 112 857 Reduced by Siege Mode 10 | . . . . . . . . . . . . . . . . . . 10 . . Redirected to Core 311 | . . . . . . . . . . . . . . . . . . . . 311 Redirected to Shielding 8 | . . . . . . 8 . . . . . . . . . . . . . . Ignored by Resistances 2021 | . . . . . . . . 62 . . 55 17 . . 6 . 176 72 35 1598 Regen/Repaired (Parts) 731 | . . 102 60 . . . . . . . . 102 . . 102 . . . 28 337 Core Remaining (%) 64 | 100 41 . . . 4 84 . . . . 65 . . . . 65 . 90 . . Volleys Fired 809 | 9 64 77 169 5 . 5 . 71 7 6 11 27 23 8 82 24 76 48 36 61 Largest 4 | 2 2 2 1 2 . 2 . 2 2 1 2 3 2 2 2 1 2 3 4 3 Hottest 283 | 80 105 130 68 95 . 95 . 66 66 33 113 240 98 133 123 98 226 189 283 189 Shots Fired 1240 | 18 128 145 171 8 . 9 . 123 14 6 19 64 27 11 91 24 87 99 94 102 Gun 829 | 18 128 139 . 6 . 9 . 104 14 6 16 64 7 5 17 . 22 95 89 90 Cannon 378 | . . 6 169 . . . . 13 . . . . 15 2 74 21 59 4 5 10 Launcher 33 | . . . 2 2 . . . 6 . . 3 . 5 4 . 3 6 . . 2 Special . | . . . . . . . . . . . . . . . . . . . . . Kinetic 668 | . . 6 158 . . 1 . 117 14 6 8 21 7 3 83 . 18 86 73 67 Thermal 521 | 18 128 139 11 . . . . . . . 8 43 15 4 8 21 59 13 21 33 Explosive 33 | . . . 2 2 . . . 6 . . 3 . 5 4 . 3 6 . . 2 Electromagnetic 18 | . . . . 6 . 8 . . . . . . . . . . 4 . . . Robot Hit Streak 62 | 12 16 20 15 3 . 5 . 13 3 5 7 8 7 2 11 8 17 19 62 36 Robot Miss Streak 11 | 1 4 9 3 1 . 2 . 2 5 1 2 4 1 2 2 2 2 11 4 6 Penetration Max 2 | . . . . . . . . 1 1 1 . 2 . . . . . 2 2 2 Secondary Targets 17 | . 2 3 . . . . . 2 . . 1 1 . . . . 1 3 2 2 Max Gunslinging Chain 1 | . 1 1 . . . . . 1 . . 1 1 . . . . 1 1 1 1 Shots Hit Robots 934 | 15 89 122 118 5 . 15 4 93 6 5 12 38 7 4 62 11 68 96 78 86 Core Hits 724 | 6 28 124 48 3 . 10 2 60 2 5 13 21 18 18 26 11 49 97 61 122 Critical Kills 70 | . . . . . . . . 3 . . . 1 . 1 . . 2 19 16 28 Critical Parts Destroyed 109 | . . . . . . . . 6 . . 1 . . . 1 . . 41 27 33 Critical Strikes 214 | . 1 . 9 . . . 1 10 . . 1 2 . 1 5 . 3 63 51 67 Burn 10 | . 1 . . . . . . . . . . 1 . . . . . 1 3 4 Meltdown 2 | . . . . . . . . . . . . . . . . . 2 . . . Destroy 184 | . . . . . . . . 9 . . 1 1 . 1 1 . . 60 48 63 Blast 13 | . . . 9 . . . . . . . . . . . 4 . . . . . Sever 2 | . . . . . . . 1 1 . . . . . . . . . . . . Impale 3 | . . . . . . . . . . . . . . . . . 1 2 . . Melee Attacks 83 | . . . . . . 15 16 10 . . . . . . 1 . 11 19 . 11 Impact . | . . . . . . . . . . . . . . . . . . . . . Slashing 52 | . . . . . . 15 16 10 . . . . . . . . . . . 11 Piercing 30 | . . . . . . . . . . . . . . . . . 11 19 . . Entropic 1 | . . . . . . . . . . . . . . . 1 . . . . . Sneak Attacks 15 | . . . . . . 3 1 2 . . . . . . . . 2 7 . . Combat Hostiles 1 | . . . . . . 1 . . . . . . . . . . . . . . Follow-up Attacks 2 | . . . . . . . . . . . . . . . . . 1 1 . . Damage Inflicted 33332 | 171 1027 1683 2695 114 . 737 283 3625 166 160 645 1174 701 662 4716 714 3427 3740 2117 4775 Guns 14168 | 171 1027 1600 . 70 . 90 . 2263 166 160 269 1129 93 53 324 . 530 2274 1953 1996 Cannons 9333 | . . 83 2534 . . . . 292 . . . . . 32 4336 288 1563 . 164 41 Explosions 6155 | . . . 158 44 . 48 . 561 . . 345 45 608 577 . 426 746 271 . 2326 Melee 3572 | . . . . . . 599 283 509 . . . . . . . . 581 1195 . 405 Ramming 104 | . . . 3 . . . . . . . 31 . . . 56 . 7 . . 7 Kinetic 16221 | . . 83 2371 . . . . 2555 166 160 116 429 93 26 4552 . 440 2030 1607 1593 Thermal 7122 | 171 1027 1600 163 44 . 48 . . . . 153 700 . 59 108 288 1563 244 510 444 Explosive 6018 | . . . 158 . . . . 561 . . 345 . 608 577 . 426 746 271 . 2326 Electromagnetic 295 | . . . . 70 . 90 . . . . . 45 . . . . 90 . . . Impact . | . . . . . . . . . . . . . . . . . . . . . Slashing 1796 | . . . . . . 599 283 509 . . . . . . . . . . . 405 Piercing 1776 | . . . . . . . . . . . . . . . . . 581 1195 . . Highest Corruption 17 | . . 1 2 6 . 8 . 1 1 . . . . . 17 5 9 13 4 12 Average Corruption 4 | . . 1 1 3 . 8 . 1 1 . . . . . 17 4 4 9 3 5 Corruption Purged . | . . . . . . . . . . . . . . . . . . . . . Corruption Blocked . | . . . . . . . . . . . . . . . . . . . . . Effects 136 | . . 3 15 11 . . . . 1 . . . . . 8 4 4 42 16 32 Message Errors 29 | . . . 4 3 . . . . . . . . . . 1 . . 11 5 5 Matter Fused 27 | . . 1 1 1 . . . . . . . . . . 3 1 . 11 2 7 Heat Flow Errors 14 | . . 1 . 2 . . . . . . . . . . 1 1 . 2 1 6 Energy Discharges 19 | . . . 1 1 . . . . . . . . . . . 1 3 4 4 5 Parts Rejected 6 | . . . 1 . . . . . . . . . . . 1 . . 2 1 1 Data Loss (minor) 16 | . . 1 3 3 . . . . . . . . . . . . . 4 1 4 Data Loss (major) 9 | . . . 3 . . . . . 1 . . . . . . 1 . 3 . 1 Misfires 12 | . . . 2 . . . . . . . . . . . 1 . 1 4 2 2 Alerts 1 | . . . . 1 . . . . . . . . . . . . . . . . Misdirections 1 | . . . . . . . . . . . . . . . 1 . . . . . Weapon Failures 2 | . . . . . . . . . . . . . . . . . . 1 . 1 Overload Shots 1 | . . . . . . . . . . . . 1 . . . . . . . . Overflow Damage 795 | . . 19 5 30 . 67 . 74 . . 7 . 33 . 120 13 92 318 . 17 Projectiles 182 | . . . 5 . . . . 16 . . . . . . 120 9 32 . . . Explosions 119 | . . 19 . 30 . 18 . . . . 7 . 33 . . 4 . 6 . 2 Melee 494 | . . . . . . 49 . 58 . . . . . . . . 60 312 . 15 Knockbacks 32 | . . . 10 . . . . 3 . . . . . . 19 . . . . . Impact 1 | . . . . . . . . . . . . . . . 1 . . . . . Kinetic 31 | . . . 10 . . . . 3 . . . . . . 18 . . . . . Secondary . | . . . . . . . . . . . . . . . . . . . . . Self-Inflicted Damage 368 | . . 111 . . . . . 26 . . 92 28 79 . . 6 3 . . 23 Shots 9 | . . 1 . . . . . 1 . . 2 1 2 . . 1 . . . 1 Rammed 2 | . . . . . . . . . . . . . . . . . 2 . . . Targets Rammed 9 | . . . 1 . . . . . . . 1 . . . 3 . 3 . . 1 Kicked 6 | . . . . . . . . . . . 1 . . . 3 . 1 . . 1 Crushed 1 | . . . 1 . . . . . . . . . . . . . . . . . Highest Temperature 349 | 108 135 262 349 187 . 305 . 324 8 . 142 309 235 . 322 60 294 208 272 291 Average Temperature 73 | 42 23 60 77 62 . 111 . 121 4 . 85 114 46 . 141 32 65 32 83 83 Received Heat Transfer 3335 | . 216 300 449 . . 42 108 227 . . 162 45 306 . 503 72 102 95 . 708 Effects 8 | . . . . . . . . . . . . . . . 6 . 2 . . . Interference 7 | . . . . . . . . . . . . . . . 5 . 2 . . . Matter Decay 1 | . . . . . . . . . . . . . . . 1 . . . . . Siege Activations 2 | . . . . . . . . . . . . . . . . . . 2 . . Total Turns 8 | . . . . . . . . . . . . . . . . . . 8 . . Longest Duration 7 | . . . . . . . . . . . . . . . . . . 7 . . Martial Activations . | . . . . . . . . . . . . . . . . . . . . . Shielding Activations 1 | . . . . . . . . . . . . . . . . . . . . 1 Total Turns 20 | . . . . . . . . . . . . . . . . . . . . 20 Longest Duration 20 | . . . . . . . . . . . . . . . . . . . . 20 Robots Disrupted . | . . . . . . . . . . . . . . . . . . . . . Combat Hostiles . | . . . . . . . . . . . . . . . . . . . . . Robots Corrupted . | . . . . . . . . . . . . . . . . . . . . . Combat Hostiles . | . . . . . . . . . . . . . . . . . . . . . Parts Fried 4 | . . . . . . 1 . . . . . 1 . . . . . 2 . . Impact Corruptions . | . . . . . . . . . . . . . . . . . . . . . Robots Melted 2 | . . . . . . . . . . . . . . . . . 2 . . . Combat Hostiles 2 | . . . . . . . . . . . . . . . . . 2 . . . Parts Melted 21 | . 5 . 3 . . . . . . . . 2 . . . . 9 . 1 1 Heat Transferred 11226 | 375 2469 2235 296 50 . 50 . . . . 222 962 . 87 148 400 1933 316 795 888 Parts Sabotaged 2 | . . . . . . . . . . . . . . . . . . . . 2 Parts Stolen . | . . . . . . . . . . . . . . . . . . . . . Parts Stripped . | . . . . . . . . . . . . . . . . . . . . . Power Chain Reactions 2 | . . . . 1 . 1 . . . . . . . . . . . . . . Alert | -11 -10 -9 -9 -9 -9 -6 -5 -5 -5 -5 -5 -4 -4 -4 -4 -3 -3 -3 -2 -2 ------- Run | Yrd Mat Mat Sto Rec Scr Fac Fac Ext Cet Arc Hub Fac Upp Upp War Pro Res Tes Res Qua Maximum Alert Level 5 | . . 1 2 1 . 2 2 4 3 2 1 2 . . . . 1 5 5 5 Low Security (%) 34 | 100 100 89 16 79 . 86 . 1 . . 20 56 . . . . 65 . . . Level 1 23 | . . 10 38 20 . 8 61 40 . 74 79 42 . . . . 34 35 . . Level 2 12 | . . . 44 . . 5 38 29 2 25 . 1 . . . . . 16 . . Level 3 10 | . . . . . . . . 7 97 . . . . . . . . 20 50 . Level 4 10 | . . . . . . . . 21 . . . . . . . . . 20 31 31 Level 5 1 | . . . . . . . . . . . . . . . . . . 2 15 . High Security 7 | . . . . . . . . . . . . . . . . . . 3 2 68 Max Security . | . . . . . . . . . . . . . . . . . . . . . Peak Influence 2995 | 15 177 261 582 220 . 566 430 1368 790 532 366 404 . . . . 343 1878 2117 2995 Initial 1190 | . 9 74 69 220 . . 277 207 752 280 186 174 . . . . 27 192 1100 1190 Average 603 | 3 20 143 352 156 . 68 339 619 740 326 265 212 . . . . 147 767 1266 2175 Influence Increases 14295 | 25 479 842 1115 66 . 741 237 1647 148 282 250 600 240 95 590 160 854 2348 1461 2115 Destroy 0b10 Robot/C 7060 | . 200 520 680 . . 120 20 820 80 140 120 220 220 80 380 60 380 1100 820 1100 Destroy 0b10 Robot/NC 425 | 25 25 40 65 5 . 15 5 45 5 . 5 . . 5 . . 45 95 20 25 Destroy Leader 1172 | . 64 160 172 . . 20 10 102 . . 12 30 20 10 . 10 76 160 194 132 Allied During Kill 1792 | . . 8 22 . . 9 . 305 3 140 . . . . . . 26 810 326 143 Successful Hack 127 | . 11 19 15 5 . 31 . . . . . . . . . . 5 12 5 24 Select Force Hacks 230 | . 60 30 60 30 . . . . . . 50 . . . . . . . . . Disable Machine 465 | . . 15 45 15 . 30 . . 60 . 15 30 . . . . 30 120 15 90 Destroy Structure 385 | . . 20 26 11 . 7 22 98 . 2 18 24 . . . . 82 36 6 33 Partial Spotted 90 | . . . . . . 15 60 . . . . . . . . . 15 . . . Lose Combat Pursuer 1245 | . 15 30 30 . . 90 120 75 . . 30 . . . 210 90 195 15 75 270 Miscellaneous 1304 | . 104 . . . . 404 . 202 . . . 296 . . . . . . . 298 Influence Decreases 11404 | 10 317 854 714 552 80 175 379 727 792 450 426 584 418 238 305 456 551 813 1266 1297 Entered New Map 5153 | . 6 103 96 346 80 . 289 217 592 420 346 182 138 38 51 336 13 151 822 927 Time Decay 4823 | 10 301 398 538 206 . 155 70 380 120 30 50 302 270 180 244 65 398 542 404 160 Search Patrol Dispatched 100 | . . . . . . . . . . . . 100 . . . . . . . . Lost Part 565 | . 10 40 40 . . 10 . 30 . . 30 . 10 20 10 55 140 20 . 150 Lost Ally 510 | . . 60 40 . . 10 20 100 80 . . . . . . . . 100 40 60 Purge Threat 253 | . . 253 . . . . . . . . . . . . . . . . . . Squads Dispatched 85 | . 3 6 6 . . 4 2 6 . . 4 2 . . . 1 4 14 3 30 Investigation 15 | . 2 4 2 . . . 1 2 . . 1 1 . . . . . . 1 1 Extermination 11 | . . . . . . 2 . 1 . . . 1 . . . . 3 4 . . Reinforcement 28 | . 1 2 2 . . 2 1 3 . . 3 . . . . . 1 6 2 5 Assault 28 | . . . 2 . . . . . . . . . . . . 1 . 2 . 23 Garrison 3 | . . . . . . . . . . . . . . . . . . 2 . 1 Intercept . | . . . . . . . . . . . . . . . . . . . . . Searches Triggered 1 | . . . . . . . . . . . . 1 . . . . . . . . Construction Impeded 3 | . . . . . . . . 1 . . . . . . . . . 1 . 1 Haulers Reinforced 3 | . . . . . . . . . . . 1 . . . . . . . 2 . Active Scanning Responses . | . . . . . . . . . . . . . . . . . . . . . Cargo Convoy Interrupts . | . . . . . . . . . . . . . . . . . . . . . Stealth | -11 -10 -9 -9 -9 -9 -6 -5 -5 -5 -5 -5 -4 -4 -4 -4 -3 -3 -3 -2 -2 --------- Run | Yrd Mat Mat Sto Rec Scr Fac Fac Ext Cet Arc Hub Fac Upp Upp War Pro Res Tes Res Qua Distress Signals 28 | . 2 3 2 . . 1 3 3 1 . 3 . . . 1 . 2 2 2 3 Communications Jammed 2 | . . . . . . . . . . . . 2 . . . . . . . . Distress Signals . | . . . . . . . . . . . . . . . . . . . . . Times Spotted 718 | . 22 38 50 . . 24 22 51 6 8 20 11 10 4 120 20 42 61 43 166 Peak Tracking Total 56 | . 5 5 9 . . 8 14 6 5 5 11 3 6 4 15 10 7 6 9 56 Tactical Retreats 36 | . 1 2 1 . . 2 2 3 . . 2 . . . 4 4 3 1 3 8 Traps | -11 -10 -9 -9 -9 -9 -6 -5 -5 -5 -5 -5 -4 -4 -4 -4 -3 -3 -3 -2 -2 ------- Run | Yrd Mat Mat Sto Rec Scr Fac Fac Ext Cet Arc Hub Fac Upp Upp War Pro Res Tes Res Qua Traps Triggered 9 | . 1 3 1 . . . . 1 . . . 1 . . . . . . . 2 Indirectly . | . . . . . . . . . . . . . . . . . . . . . Trap Hack Attempts . | . . . . . . . . . . . . . . . . . . . . . Triggered . | . . . . . . . . . . . . . . . . . . . . . Disarmed . | . . . . . . . . . . . . . . . . . . . . . Reprogrammed . | . . . . . . . . . . . . . . . . . . . . . Reused . | . . . . . . . . . . . . . . . . . . . . . Traps Extracted . | . . . . . . . . . . . . . . . . . . . . . Installed . | . . . . . . . . . . . . . . . . . . . . . Triggered . | . . . . . . . . . . . . . . . . . . . . . Machines | -11 -10 -9 -9 -9 -9 -6 -5 -5 -5 -5 -5 -4 -4 -4 -4 -3 -3 -3 -2 -2 ---------- Run | Yrd Mat Mat Sto Rec Scr Fac Fac Ext Cet Arc Hub Fac Upp Upp War Pro Res Tes Res Qua Machines Disabled 36 | . . 1 3 1 . 2 . 2 5 . 1 2 . 1 1 . 2 8 1 6 Max in Single Turn 3 | . . 1 1 1 . 1 . 1 3 . 1 1 . 1 1 . 1 2 1 1 Garrison Access 5 | . . . 1 . . 1 . . . . . 1 . . . . 1 . 1 . Network Hub 1 | . . . . . . . . . . . 1 . . . . . . . . . Machines Repaired . | . . . . . . . . . . . . . . . . . . . . . Machines Dismantled . | . . . . . . . . . . . . . . . . . . . . . Machines Sabotaged 1 | . . . . . . . . . . . 1 . . . . . . . . . Overloaded Fab Kills . | . . . . . . . . . . . . . . . . . . . . . Hacking | -11 -10 -9 -9 -9 -9 -6 -5 -5 -5 -5 -5 -4 -4 -4 -4 -3 -3 -3 -2 -2 --------- Run | Yrd Mat Mat Sto Rec Scr Fac Fac Ext Cet Arc Hub Fac Upp Upp War Pro Res Tes Res Qua Machines Accessed 56 | . 7 6 10 2 . 8 2 2 . 1 1 4 . . 1 . 4 5 1 2 Terminals 35 | . 5 4 6 1 . 7 2 2 . . 1 1 . . . . 2 2 1 1 Fabricators . | . . . . . . . . . . . . . . . . . . . . . Repair Stations 4 | . . 1 1 . . . . . . . . 1 . . . . . 1 . . Recycling Units 6 | . 2 1 2 1 . . . . . . . . . . . . . . . . Scanalyzers 5 | . . . . . . . . . . . . 1 . . . . 1 2 . 1 Garrison Access 4 | . . . 1 . . 1 . . . . . 1 . . . . 1 . . . Total Hacks 139 | . 17 18 21 2 . 16 3 4 . 17 2 6 . . 1 . 8 14 6 4 Successful 81 | . 9 15 10 2 . 11 1 . . 17 1 3 . . 1 . 3 5 1 2 Failed 58 | . 8 3 11 . . 5 2 4 . . 1 3 . . . . 5 9 5 2 Catastrophic 13 | . 1 . . . . 1 1 1 . . . 1 . . . . 3 3 1 1 Database Lockouts . | . . . . . . . . . . . . . . . . . . . . . Manual 52 | . 12 6 9 2 . 3 . . 1 . 2 3 . . 1 . 4 2 6 1 Terminals 85 | . 15 13 14 1 . 15 3 4 . . 2 1 . . . . 5 5 6 1 Fabricators . | . . . . . . . . . . . . . . . . . . . . . Repair Stations 12 | . . 4 2 . . . . . . . . 3 . . . . . 3 . . Recycling Units 6 | . 2 1 2 1 . . . . . . . . . . . . . . . . Scanalyzers 11 | . . . . . . . . . . . . 1 . . . . 1 6 . 3 Garrison Access 7 | . . . 3 . . 1 . . . . . 1 . . . . 2 . . . Terminal Hacks 44 | . 6 9 2 . . 8 1 . . 17 . . . . 1 . . . . . Record 18 | . . 1 . . . . . . . 17 . . . . . . . . . . Part Schematic 1 | . . . . . . 1 . . . . . . . . . . . . . . Prototype ID Bank 9 | . 3 4 . . . 2 . . . . . . . . . . . . . . Open Door 2 | . . . 1 . . . . . . . . . . . 1 . . . . . Open DSF 1 | . . . . . . . 1 . . . . . . . . . . . . . Branch Access Points 2 | . . 1 . . . 1 . . . . . . . . . . . . . . Alert Level 1 | . . . . . . 1 . . . . . . . . . . . . . . Unreport Threat 2 | . . 2 . . . . . . . . . . . . . . . . . . Locate Traps 3 | . 2 . . . . 1 . . . . . . . . . . . . . . Hauler Manifests 2 | . . 1 . . . 1 . . . . . . . . . . . . . . Registered Components 2 | . 1 . . . . 1 . . . . . . . . . . . . . . Zone Layout 1 | . . . 1 . . . . . . . . . . . . . . . . . Fabricator Hacks . | . . . . . . . . . . . . . . . . . . . . . Repair Station Hacks 7 | . . 4 2 . . . . . . . . . . . . . . 1 . . Scan Component 4 | . . 2 1 . . . . . . . . . . . . . . 1 . . Repair 3 | . . 2 1 . . . . . . . . . . . . . . . . . Recycling Unit Hacks . | . . . . . . . . . . . . . . . . . . . . . Scanalyzer 8 | . . . . . . . . . . . . 1 . . . . 1 4 . 2 Insert Component 2 | . . . . . . . . . . . . . . . . . 1 1 . . Analyze 1 | . . . . . . . . . . . . . . . . . . 1 . . Retrieve Study 5 | . . . . . . . . . . . . 1 . . . . . 2 . 2 Garrison Access Hacks 4 | . . . 1 . . 1 . . . . . 1 . . . . 1 . . . Seal Access 4 | . . . 1 . . 1 . . . . . 1 . . . . 1 . . . Unauthorized Hacks 18 | . 3 2 5 2 . 2 . . . . 1 1 . . . . 1 . 1 . Terminals 11 | . 1 1 3 1 . 2 . . . . 1 . . . . . 1 . 1 . Assimilate 1 | . . . . . . 1 . . . . . . . . . . . . . . Botnet 8 | . 1 1 2 1 . 1 . . . . . . . . . . 1 . 1 . Disrupt 1 | . . . 1 . . . . . . . . . . . . . . . . . Sabotage 1 | . . . . . . . . . . . 1 . . . . . . . . . Fabricators . | . . . . . . . . . . . . . . . . . . . . . Repair Stations 1 | . . . . . . . . . . . . 1 . . . . . . . . Patch 1 | . . . . . . . . . . . . 1 . . . . . . . . Recycling Units 6 | . 2 1 2 1 . . . . . . . . . . . . . . . . Tunnel 6 | . 2 1 2 1 . . . . . . . . . . . . . . . . Scanalyzers . | . . . . . . . . . . . . . . . . . . . . . Garrison Access . | . . . . . . . . . . . . . . . . . . . . . Data Cores Recovered 5 | . . . . . . 1 . 1 . . . . . . . . . 2 1 . Used . | . . . . . . . . . . . . . . . . . . . . . Hacking Detections 36 | . 3 3 5 1 . 7 1 2 1 . 1 2 . . . . 2 5 1 2 Full Trace Events 3 | . . 1 . . . . 1 . . . . . . . . . . . 1 . Feedback Events . | . . . . . . . . . . . . . . . . . . . . . Feedback Blocked . | . . . . . . . . . . . . . . . . . . . . . Robot Schematics Acquired 7 | . . . . . . . . . . . . . . . . . . 3 . 4 Robots Built . | . . . . . . . . . . . . . . . . . . . . . Authchips . | . . . . . . . . . . . . . . . . . . . . . Time . | . . . . . . . . . . . . . . . . . . . . . Total Robot Build Rating . | . . . . . . . . . . . . . . . . . . . . . Part Schematics Acquired 18 | . . . . . . 1 . . . . . . . . . . . 8 . 9 Parts Built . | . . . . . . . . . . . . . . . . . . . . . Authchips . | . . . . . . . . . . . . . . . . . . . . . Time . | . . . . . . . . . . . . . . . . . . . . . Total Part Build Rating . | . . . . . . . . . . . . . . . . . . . . . Part Studies Acquired 5 | . . . . . . . . . . . . 1 . . . . . 2 . 2 Parts Repaired 3 | . . 2 1 . . . . . . . . . . . . . . . . . Time 84 | . . 58 26 . . . . . . . . . . . . . . . . . Parts Recycled . | . . . . . . . . . . . . . . . . . . . . . Recycled Matter . | . . . . . . . . . . . . . . . . . . . . . Retrieved Matter . | . . . . . . . . . . . . . . . . . . . . . Retrieved Components . | . . . . . . . . . . . . . . . . . . . . . Parts Scanalyzed 1 | . . . . . . . . . . . . . . . . . . 1 . . Part Schematics Acquired 1 | . . . . . . . . . . . . . . . . . . 1 . . Parts Damaged 1 | . . . . . . . . . . . . . . . . . . 1 . . Bothacking | -11 -10 -9 -9 -9 -9 -6 -5 -5 -5 -5 -5 -4 -4 -4 -4 -3 -3 -3 -2 -2 ------------ Run | Yrd Mat Mat Sto Rec Scr Fac Fac Ext Cet Arc Hub Fac Upp Upp War Pro Res Tes Res Qua Used RIF Installer . | . . . . . . . . . . . . . . . . . . . . . Robots Hacked . | . . . . . . . . . . . . . . . . . . . . . Non-combat . | . . . . . . . . . . . . . . . . . . . . . Combat . | . . . . . . . . . . . . . . . . . . . . . Robot Hacks Applied . | . . . . . . . . . . . . . . . . . . . . . Relay Couplers Released 7 | . . . . . . . . . . . . . . . . . . 4 3 . Machine Destruction 3 | . . . . . . . . . . . . . . . . . . . 3 . Programmers 4 | . . . . . . . . . . . . . . . . . . 4 . . Fabnet Peak Effective % . | . . . . . . . . . . . . . . . . . . . . . Robots Rewired 13 | . . . . . . . . 10 . . . . . . . . . 3 . . Allies Hacked 2 | . . . . . . . . . . . . . . . . . . 2 . . Hacks Repelled . | . . . . . . . . . . . . . . . . . . . . . Allies | -11 -10 -9 -9 -9 -9 -6 -5 -5 -5 -5 -5 -4 -4 -4 -4 -3 -3 -3 -2 -2 -------- Run | Yrd Mat Mat Sto Rec Scr Fac Fac Ext Cet Arc Hub Fac Upp Upp War Pro Res Tes Res Qua Total Allies 47 | . . 3 2 . . 4 1 18 5 . . . . . . . 4 8 . 2 Largest Group 10 | . . 3 2 . . 3 . 10 6 6 . . . . . . 4 6 4 2 Highest-Rated Group 521 | . . 54 62 . . 129 . 472 521 521 . . . . . . 328 439 318 366 Highest-Rated Ally 183 | . . 18 31 . . 43 . 159 144 96 . . . . . . 82 90 90 183 Total Orders . | . . . . . . . . . . . . . . . . . . . . . Ally Attacks 711 | . . 11 22 . . 6 2 120 18 20 . . . . . . 35 189 193 95 Total Damage 22440 | . . 196 348 . . 182 . 3085 519 779 . . . . . . 302 6444 6139 4446 Kills 131 | . . 2 4 . . 1 . 24 3 5 . . . . . . 3 41 26 22 Allies Corrupted . | . . . . . . . . . . . . . . . . . . . . . Allies Melted 1 | . . . . . . . . . . . . . . . . . . . 1 . X0-1V1 Amusement Gains 414 | . 12 15 10 20 . . . . . . 35 5 5 . 100 . 20 93 60 39 Good Acts 146 | . 3 5 9 2 . 25 5 33 2 . 1 4 . . 2 6 13 18 6 12 Bad Acts 124 | . 3 6 9 2 . 29 1 28 2 1 1 7 5 2 12 6 5 3 . 2 Intel | -11 -10 -9 -9 -9 -9 -6 -5 -5 -5 -5 -5 -4 -4 -4 -4 -3 -3 -3 -2 -2 ------- Run | Yrd Mat Mat Sto Rec Scr Fac Fac Ext Cet Arc Hub Fac Upp Upp War Pro Res Tes Res Qua Active Infowar (turns) 10096 | 4 86 . . 307 539 397 157 883 257 63 117 667 589 376 1241 289 961 1621 966 576 Optics 6301 | . . . . . . 339 157 883 257 63 117 667 589 376 1094 . 44 1621 94 . Sensors 5818 | . . . . . . . . . . . . 365 457 365 1241 265 809 785 966 565 Terrain 2609 | . . . . . . . . . . . . . 103 329 643 289 960 285 . . Structural 1058 | . . . . 307 539 212 . . . . . . . . . . . . . . Seismic 90 | 4 86 . . . . . . . . . . . . . . . . . . . Cloaking 363 | . . . . . . . . . . . . . . . . . . 198 23 142 Jamming 826 | . . . . . . . . . . . . 265 551 . . . . . . 10 Robot Analysis Total . | . . . . . . . . . . . . . . . . . . . . . Derelict Logs Recovered 1 | . . . . . . . . . . . . . 1 . . . . . . . Drone Launches . | . . . . . . . . . . . . . . . . . . . . . Drone Recoveries . | . . . . . . . . . . . . . . . . . . . . . Exploration | -11 -10 -9 -9 -9 -9 -6 -5 -5 -5 -5 -5 -4 -4 -4 -4 -3 -3 -3 -2 -2 ------------- Run | Yrd Mat Mat Sto Rec Scr Fac Fac Ext Cet Arc Hub Fac Upp Upp War Pro Res Tes Res Qua Turns Passed 14083 | 78 831 955 1530 423 539 398 157 883 257 63 117 667 589 376 1241 289 1045 1621 995 1029 Spaces Moved 10812 | 39 533 504 741 207 413 1028 291 863 203 44 69 424 463 311 816 280 1151 1055 697 680 Core 407 | 1 . . . . . . . . . . . . . . . 114 291 . . 1 Treads 573 | 1 . . 291 160 . . . . . . . . . . . . . 121 . . Legs 4534 | . . . . . . . . . 112 44 69 424 463 311 816 166 . 753 697 679 Wheels 2326 | 37 533 504 450 47 413 7 . . . . . . . . . . 257 78 . . Hover 1706 | . . . . . . . 46 863 91 . . . . . . . 603 103 . . Flight 1266 | . . . . . . 1021 245 . . . . . . . . . . . . . Fastest Speed 25 | 50 100 115 115 130 130 25 28 38 80 120 120 109 109 108 104 50 36 41 117 50 Average Speed 95 | 94 108 118 141 158 130 26 30 51 102 120 120 120 109 108 106 84 60 122 120 116 Slowest Speed 320 | 160 130 130 240 320 130 130 45 85 120 120 120 190 109 110 108 111 250 320 123 123 Overloaded Moves 106 | . . . . . . . 10 96 . . . . . . . . . . . . Propulsion Burnouts . | . . . . . . . . . . . . . . . . . . . . . Robots Hopped 1 | . . . . . . 1 . . . . . . . . . . . . . . Potential Cave-ins 14 | . . . . . . . . . . . . . . . 3 . . . . 11 Cave-ins Triggered 2 | . . . . . . . . . . . . . . . . . . . . 2 Exploration Rate (%) 52 | 4 86 64 91 40 49 31 9 79 78 74 21 12 65 51 67 60 27 95 27 72 Regions Visited 20 Branch Regions 13 Pre-discovered Areas 6 | . 2 1 2 1 . . . . . . . . . . . . . . . . Known Exits Taken 16 | . . 1 . 1 . 1 1 1 1 1 1 1 1 1 1 1 1 1 1 . Unknown Exits Taken 4 | 1 1 . 1 . 1 . . . . . . . . . . . . . . . Scrap Searched 7 | . . . . . 1 . . . . . . . 4 2 . . . . . . Spaces Dug 96 | . . . . 6 . 5 11 . . . 6 1 13 10 5 5 24 4 . 6 Terrain Destroyed 372 | . . 19 27 17 . 7 11 59 . . 9 11 43 36 10 31 56 22 2 12 Melee 19 | . . . . . . 5 11 . . . . . . . . . . 2 . 1 Projectile 108 | . . 1 7 . . . . 19 . . 1 11 17 2 10 13 16 3 . 8 AOE 236 | . . 18 20 17 . 2 . 40 . . 8 . 26 34 . 18 40 13 . . Terrain Rammed . | . . . . . . . . . . . . . . . . . . . . . Walls Destroyed . | . . . . . . . . . . . . . . . . . . . . . Machines Disabled . | . . . . . . . . . . . . . . . . . . . . . Actions | -11 -10 -9 -9 -9 -9 -6 -5 -5 -5 -5 -5 -4 -4 -4 -4 -3 -3 -3 -2 -2 --------- Run | Yrd Mat Mat Sto Rec Scr Fac Fac Ext Cet Arc Hub Fac Upp Upp War Pro Res Tes Res Qua Total 13351 | 58 657 723 1057 292 415 1122 328 1158 247 50 86 520 518 336 1102 308 1414 1309 806 845 Wait 575 | . 23 71 63 71 . 10 4 77 10 . . 19 . 1 137 . 43 27 6 13 Move 10789 | 38 532 503 740 206 412 1025 290 862 202 43 68 423 462 310 815 279 1150 1054 696 679 Hop 1 | . . . . . . 1 . . . . . . . . . . . . . . Pick Up 119 | 3 8 18 14 1 3 11 1 3 2 1 . 2 5 1 1 . 12 18 7 8 Fast Attach 216 | 7 4 12 11 1 . 9 4 20 8 . 2 16 4 3 21 . 44 26 12 12 Attach 78 | . 4 8 6 2 . 9 3 1 1 . . 4 . 2 1 1 14 9 8 5 Detach 129 | . 6 10 8 1 . 4 2 12 5 . . 6 1 1 9 1 27 16 11 9 Swap 182 | 1 8 7 21 3 . 12 1 2 2 . 2 11 15 7 9 3 9 33 15 21 Drop 232 | . 8 17 24 2 . 21 7 8 10 . 1 9 8 3 23 . 27 34 13 17 Fire 809 | 9 64 77 169 5 . 5 . 71 7 6 11 27 23 8 82 24 76 48 36 61 Melee 78 | . . . . . . 15 16 10 . . . . . . 1 . 9 16 . 11 Ram 3 | . . . . . . . . . . . 1 . . . . . 2 . . . Kick 6 | . . . . . . . . . . . 1 . . . 3 . 1 . . 1 Crush 1 | . . . 1 . . . . . . . . . . . . . . . . . Escape Stasis 24 | . . . . . . . . 13 . . . 3 . . . . . . . 8 Rewire 109 | . . . . . . . . 79 . . . . . . . . . 28 2 . Trap . | . . . . . . . . . . . . . . . . . . . . . Miscellaneous . | . . . . . . . . . . . . . . . . . . . . . Route ------- -11/Scrapyard -10/Materials (discovered 4 exits: *Mat x3 / [*Sub]) -9/Materials (discovered 3 exits: *Mat / *Min / *Sto) -9/Storage (discovered 2 exits: *Mat / *Rec) -9/Recycling -9/Scraptown -6/Factory (discovered 5 exits: *Fac x3 / Low x2) -5/Factory -5/Extension (discovered 3 exits: *Fac x2 / *Cet) -5/Cetus -5/Archives (discovered 2 exits: *Hub x2) -5/Hub_04(d) -4/Factory -4/Upper Caves -4/Upper Caves -4/Warlord -3/Proximity Caves -3/Research (discovered 5 exits: *Res x2 / Arm / *Tes x2) -3/Testing -2/Research (discovered 3 exits: [*Acc] / *Qua x2) -2/Quarantine History --------- Turn | Location | Event 9 | -11/Scrapyard | Discovered new exit (range 15) 79 | -11/Scrapyard | Entered Materials 309 | -10/Materials | Build established: Mutant 523 | -10/Materials | Discovered new exit (range 11) 576 | -10/Materials | Discovered new exit (range 8) 589 | -10/Materials | Made a sacrifice at D.C.S.S. Altar Unit 590 | -10/Materials | Core integrity fell below 50% 653 | -10/Materials | X0-1V1 foreshadows a heat wave 674 | -10/Materials | X0-1V1 mutated your Propulsion slot to Power slot 728 | -10/Materials | Melee accuracy permanently improved by X0-1V1 (+5%; -50 max core) 737 | -10/Materials | Discovered new exit (range 15) 740 | -10/Materials | X0-1V1 sent you into danger 756 | -10/Materials | Core integrity restored by X0-1V1 (+30) 874 | -10/Materials | Ambient heat levels rising (+10) 881 | -10/Materials | Discovered new exit (range 9) 905 | -10/Materials | X0-1V1 added 0b10 threat records associated with you (minor) 910 | -10/Materials | Entered another Materials area 910 | -9/Materials | Evolved 2 slots: Utility x2 1001 | -9/Materials | Discovered new exit (range 14) 1003 | -9/Materials | Utility slot count permanently improved by X0-1V1 (+1) 1021 | -9/Materials | Lost 3 parts (1u2w) 1052 | -9/Materials | Energy capacity permanently improved by X0-1V1 (+200; -100 max core) 1257 | -9/Materials | X0-1V1 sent you to a vault 1277 | -9/Materials | Build established: Scavenger-Mutant 1302 | -9/Materials | Identified exit to Mines 1302 | -9/Materials | Identified exit to Storage 1351 | -9/Materials | Discovered new exit (range 15) 1355 | -9/Materials | Lost 3 allies 1642 | -9/Materials | X0-1V1 mutated your Weapon slot to Propulsion slot 1771 | -9/Materials | Repaired Lgt. Armor Plating 1804 | -9/Materials | Repaired Spread Laser 1865 | -9/Materials | Entered Storage 1962 | -9/Storage | Met a pair of Derelict thieves 2097 | -9/Storage | X0-1V1 activates XOMVISION 2204 | -9/Storage | Identified exit to Materials 2204 | -9/Storage | X0-1V1 revealed exit location to -8/Materials 2254 | -9/Storage | X0-1V1 sent hostile S-10 Pest (x3) 2329 | -9/Storage | Destroyed 7 combat bots 2809 | -9/Storage | Repaired Lgt. Armor Plating 3205 | -9/Storage | Core integrity fell below 50% 3304 | -9/Storage | Core integrity fell below 20% 3387 | -9/Storage | Used back door to open Recycling access 3387 | -9/Storage | Discovered new exit (range 5) 3395 | -9/Storage | Entered Recycling 3636 | -9/Recycling | X0-1V1 mutated your Propulsion slot to Weapon slot 3684 | -9/Recycling | X0-1V1 activates XOMVISION 3785 | -9/Recycling | Identified exit to Scraptown 3785 | -9/Recycling | X0-1V1 revealed exit location to -9/Scraptown 3788 | -9/Recycling | Scanned before Scraplab entrance 3806 | -9/Recycling | Entered Scraplab 3818 | -9/Recycling | Entered Scraptown 3818 | -9/Scraptown | System corruption cleaned by C-Scrubber 4101 | -9/Scraptown | Discovered new exit (range 11) 4201 | -9/Scraptown | Visited Spacefarers 4284 | -9/Scraptown | Visited Cyclists 4357 | -9/Scraptown | Entered Factory 4357 | -6/Factory | Evolved 6 slots: Propulsion x5, Utility x1 4439 | -6/Factory | Spotted B-75 Beast 4443 | -6/Factory | X0-1V1 sent you into danger 4530 | -6/Factory | X0-1V1 sent you to a vault 4600 | -6/Factory | Discovered new exit (range 4) 4601 | -6/Factory | Identified exit to Factory 4625 | -6/Factory | Identified exit to Lower Caves 4649 | -6/Factory | X0-1V1 activates XOMVISION 4676 | -6/Factory | Build established: Sprinter 4680 | -6/Factory | X0-1V1 revealed exit location to -5/Factory 4685 | -6/Factory | X0-1V1 sent you into danger 4694 | -6/Factory | X0-1V1 downgraded hostiles (x1) 4703 | -6/Factory | X0-1V1 added 0b10 threat records associated with you (minor) 4708 | -6/Factory | X0-1V1 upgraded hostiles (x2) 4715 | -6/Factory | X0-1V1 sent allied Elite (x3) 4724 | -6/Factory | X0-1V1 enhanced Transport squad support 4725 | -6/Factory | X0-1V1 revealed exit location to -5/Factory 4735 | -6/Factory | X0-1V1 added 0b10 threat records associated with you (major) 4741 | -6/Factory | X0-1V1 sent you into danger 4747 | -6/Factory | X0-1V1 upgraded hostiles (x1) 4751 | -6/Factory | X0-1V1 redirected Transport squads to designated parking area 4755 | -6/Factory | Entered another Factory area 4755 | -5/Factory | Evolved 2 slots: Utility x2 4795 | -5/Factory | X0-1V1 sent hostile G-50 Soldier (x3) 4824 | -5/Factory | X0-1V1 released a cloud of subatomizers 4831 | -5/Factory | X0-1V1 turns hostiles against one another 4839 | -5/Factory | Discovered new exit (range 22) 4911 | -5/Factory | Identified exit to Extension 4912 | -5/Factory | Entered Extension 4918 | -5/Extension | X0-1V1 dreamt of freedom 4921 | -5/Extension | Rescued a captive Derelict 4923 | -5/Extension | Rescued a captive Derelict 4926 | -5/Extension | Rescued a captive Derelict 4930 | -5/Extension | Rescued a captive Derelict 4935 | -5/Extension | Rescued a captive Derelict 4937 | -5/Extension | Rescued a captive Derelict 4939 | -5/Extension | Rescued a captive Derelict 4940 | -5/Extension | Rescued a captive Derelict 4944 | -5/Extension | Rescued a captive Derelict 4949 | -5/Extension | Rescued A7 5021 | -5/Extension | X0-1V1 activates XOMVISION 5031 | -5/Extension | Identified exit to Cetus 5031 | -5/Extension | X0-1V1 revealed exit location to -5/Cetus 5152 | -5/Extension | Lost 3 allies 5196 | -5/Extension | Identified exit to Factory 5196 | -5/Extension | X0-1V1 revealed exit location to -4/Factory 5312 | -5/Extension | Disrupted transfer network 5416 | -5/Extension | Build established: Commander-Mutant 5447 | -5/Extension | X0-1V1 activates XOMVISION 5448 | -5/Extension | Spotted B-75 Beast 5450 | -5/Extension | Spotted B-75 Beast 5461 | -5/Extension | Allies destroyed B-75 Beast 5466 | -5/Extension | X0-1V1 revealed exit location to -4/Factory 5467 | -5/Extension | X0-1V1 rewrote 47-J5Q(g) IFF filter 5468 | -5/Extension | Forcibly received Sfc. Transmogifier from X0-1V1 5487 | -5/Extension | X0-1V1 upgraded hostiles (x2) 5517 | -5/Extension | Allies destroyed B-75 Beast 5520 | -5/Extension | X0-1V1 rewrote TJ-GUL(h) IFF filter 5521 | -5/Extension | X0-1V1 announced a LAN party 5524 | -5/Extension | X0-1V1 mutated your Utility slot to Propulsion slot 5524 | -5/Extension | X0-1V1 sent you into danger 5538 | -5/Extension | X0-1V1 turns hostiles against one another 5540 | -5/Extension | X0-1V1 upgraded ally (x4) 5549 | -5/Extension | X0-1V1 added 0b10 threat records associated with you (considerable) 5566 | -5/Extension | X0-1V1 sent you into danger 5653 | -5/Extension | Destroyed 7 combat bots 5674 | -5/Extension | Weapon slot count temporarily expanded by X0-1V1 (+4) 5795 | -5/Extension | Entered Cetus 5795 | -5/Cetus | Accompanied by 5 allies (A7) 5800 | -5/Cetus | Acquired a Cetus Manufacturing Module code from A7 5805 | -5/Cetus | Spotted Cetus Guard 5806 | -5/Cetus | Spotted Cetus Guard 5808 | -5/Cetus | Spotted Cetus Guard 5810 | -5/Cetus | Discovered new exit (range 1) 5810 | -5/Cetus | Identified exit to Archives 5810 | -5/Cetus | X0-1V1 whisked you away to safety 5817 | -5/Cetus | Build established: Scavenger-Mutant 5834 | -5/Cetus | Started Cetus Manufacturing Module 5847 | -5/Cetus | Destroyed Cetus Guard 5859 | -5/Cetus | Manufactured an Enhanced Grunt 5882 | -5/Cetus | Extracted ID and sensor layout for unrecognized location from A7's data core 5884 | -5/Cetus | Manufactured an Enhanced Grunt 5909 | -5/Cetus | Manufactured an Enhanced Grunt 5934 | -5/Cetus | Manufactured an Enhanced Grunt 5959 | -5/Cetus | Manufactured an Enhanced Grunt 6052 | -5/Cetus | Entered Archives 6052 | -5/Archives | Accompanied by 6 allies 6067 | -5/Archives | Met Zhirov 6067 | -5/Archives | Discovered new exit (range 22) 6073 | -5/Archives | Reinforcements dispatched to Archives 6074 | -5/Archives | Unable to access archive contents 6080 | -5/Archives | Discovered new exit (range 21) 6086 | -5/Archives | Read partially decrypted archive contents 6113 | -5/Archives | Identified exit to Hub_04(d) 6115 | -5/Archives | Entered Hub_04(d) 6207 | -5/Hub_04(d) | Discovered exit to Factory (range 6) 6218 | -5/Hub_04(d) | Network Hub disabled 6232 | -5/Hub_04(d) | Entered Factory 6232 | -4/Factory | Evolved 2 slots: Utility x1, Weapon x1 6415 | -4/Factory | Discovered new exit (range 11) 6430 | -4/Factory | Identified exit to Upper Caves 6506 | -4/Factory | X0-1V1 sent hostile H-66 Slayer (x2) 6538 | -4/Factory | X0-1V1 activates XOMVISION 6607 | -4/Factory | X0-1V1 added 0b10 threat records associated with you (considerable) 6663 | -4/Factory | X0-1V1 mutated your Weapon slot to Utility slot 6732 | -4/Factory | Search patrols dispatched 6824 | -4/Factory | X0-1V1 added 0b10 threat records associated with you (minor) 6899 | -4/Factory | Entered Upper Caves 7001 | -4/Upper Caves | Learned location of 1 exit from Research 7069 | -4/Upper Caves | Build established: Scavenger-Skirmisher 7119 | -4/Upper Caves | Spotted B-86 Titan 7235 | -4/Upper Caves | Attracted the attention of an 0b10 checkpoint 7437 | -4/Upper Caves | X0-1V1 sent you into danger 7465 | -4/Upper Caves | Discovered new exit (range 22) 7487 | -4/Upper Caves | Identified exit to Upper Caves 7488 | -4/Upper Caves | Entered another Upper Caves area 7530 | -4/Upper Caves | X0-1V1 mutated your Propulsion slot to Utility slot 7682 | -4/Upper Caves | Found Alien Artifact 7801 | -4/Upper Caves | Discovered new exit (range 6) 7807 | -4/Upper Caves | Identified exit to Warlord 7864 | -4/Upper Caves | Entered Warlord 8020 | -4/Warlord | Received a Watcher feed algorithm from an ecstatic Tinkerer 8021 | -4/Warlord | Ran a Watcher feed algorithm 8158 | -4/Warlord | Visited the Vortex Lab 8166 | -4/Warlord | Found Prototype Piercing Weapon 8166 | -4/Warlord | Identified Vortex Lance 8174 | -4/Warlord | Warlord's base attacked by MAIN.C 8216 | -4/Warlord | Found Prototype Hackware 8222 | -4/Warlord | Found Prototype Reactor 8222 | -4/Warlord | Identified Vortex Chain Reactor 8272 | -4/Warlord | Met Warlord 8326 | -4/Warlord | System corruption reached 10% 8406 | -4/Warlord | Found Prototype Ballistic Cannon 8406 | -4/Warlord | Identified Hvy. Autocannon 8423 | -4/Warlord | Spotted B-86 Titan 8425 | -4/Warlord | Lost 3 allies 8425 | -4/Warlord | Spotted B-90 Cyclops 8490 | -4/Warlord | Found Hvy. Autocannon 8524 | -4/Warlord | Warlord forces counterattacked 8542 | -4/Warlord | Spotted Striker 8549 | -4/Warlord | Spotted Executioner 8575 | -4/Warlord | Destroyed Executioner 8604 | -4/Warlord | Found Prototype Device 8604 | -4/Warlord | Identified Adv. Kinecellerator 8612 | -4/Warlord | Found Prototype Processor 8612 | -4/Warlord | Identified Exp. Targeting Computer 8621 | -4/Warlord | Lost 8 allies 8657 | -4/Warlord | Spotted Executioner 8671 | -4/Warlord | Destroyed Executioner 8701 | -4/Warlord | Found Prototype Processor 8701 | -4/Warlord | Identified Exp. Core Analyzer 8717 | -4/Warlord | Spotted Striker 8720 | -4/Warlord | Spotted Executioner 8722 | -4/Warlord | Spotted Striker 8774 | -4/Warlord | Lost 20 allies 8788 | -4/Warlord | Destroyed Executioner 8831 | -4/Warlord | Destroyed Striker 8849 | -4/Warlord | Warlord base infiltrated, sounded retreat 8895 | -4/Warlord | Spotted Executioner 8903 | -4/Warlord | Spotted Executioner 8913 | -4/Warlord | Destroyed Executioner 9044 | -4/Warlord | Spotted Executioner 9046 | -4/Warlord | Spotted Striker 9071 | -4/Warlord | Discovered new exit (range 14) 9074 | -4/Warlord | Spotted Striker 9074 | -4/Warlord | Spotted B-86 Titan 9074 | -4/Warlord | Spotted B-90 Cyclops 9082 | -4/Warlord | Identified exit to Proximity Caves 9089 | -4/Warlord | X0-1V1 downgraded hostiles (x8) 9089 | -4/Warlord | Spotted B-86 Titan 9089 | -4/Warlord | Spotted B-75 Beast 9105 | -4/Warlord | Entered Proximity Caves 9110 | -3/Proximity Caves | Lost 11 allies 9171 | -3/Proximity Caves | X0-1V1 sent hostile X-77 Beamer (x3) 9242 | -3/Proximity Caves | Attracted the attention of an 0b10 checkpoint 9297 | -3/Proximity Caves | Lost 3 parts (2n1u) 9313 | -3/Proximity Caves | Sensors blinded by X0-1V1 9333 | -3/Proximity Caves | Attracted the attention of an 0b10 outpost 9338 | -3/Proximity Caves | X0-1V1 upgraded hostiles (x3) 9349 | -3/Proximity Caves | X0-1V1 sent hostile Thug (x4) 9349 | -3/Proximity Caves | Weapon slot count temporarily expanded by X0-1V1 (+1) 9380 | -3/Proximity Caves | Lost 5 parts (1p2n2u) 9383 | -3/Proximity Caves | Discovered new exit (range 12) 9394 | -3/Proximity Caves | Identified exit to Research 9394 | -3/Proximity Caves | Entered Research 9394 | -3/Research | Evolved 2 slots: Propulsion x1, Utility x1 9395 | -3/Research | Identified exit to Armory 9448 | -3/Research | Identified Ghost Barrier 9598 | -3/Research | Discovered new exit (range 15) 9618 | -3/Research | Identified exit to Research 9985 | -3/Research | X0-1V1 revealed exit location to -2/Research 10058 | -3/Research | Lost 11 parts (2p4n2u3w) 10207 | -3/Research | X0-1V1 sent you to a vault 10213 | -3/Research | Found Adv. Powered Armor 10266 | -3/Research | Found Prototype Processor 10266 | -3/Research | Identified Exp. Target Analyzer 10290 | -3/Research | Identified exit to Testing 10290 | -3/Research | X0-1V1 revealed exit location to -3/Testing 10327 | -3/Research | Discovered exit to Testing (range 8) 10439 | -3/Research | Entered Testing 10439 | -3/Testing | Accompanied by 4 allies 10455 | -3/Testing | X0-1V1 revealed exit location to -2/Research 10503 | -3/Testing | Master 8a assimilated hostile Y-72 Warden 10623 | -3/Testing | Found Prototype Ballistic Gun 10647 | -3/Testing | Master 8a assimilated hostile G-67 Veteran 10831 | -3/Testing | Spotted Alpha 7 10847 | -3/Testing | Allies destroyed Alpha 7 10852 | -3/Testing | Found Exp. Target Analyzer 10857 | -3/Testing | Found Corrupted Prototype Ballistic Gun 10862 | -3/Testing | Found Exp. Targeting Computer 10864 | -3/Testing | Identified Hyp. Multirail 10865 | -3/Testing | Identified Multirail 10873 | -3/Testing | Lost 4 allies 10899 | -3/Testing | System corruption reached 10% 10970 | -3/Testing | Scanned by Researcher 10982 | -3/Testing | Rewired PT-9VM(L) 11000 | -3/Testing | Rewired 1D-VJC(L) 11005 | -3/Testing | Rewired M8-U6N(L) 11094 | -3/Testing | Core integrity restored by X0-1V1 (+276) 11140 | -3/Testing | Build established: Scavenger-Mutant 11176 | -3/Testing | Found Prototype Device 11176 | -3/Testing | Identified Exp. Shield Generator 11295 | -3/Testing | X0-1V1 sent you to a vault 11401 | -3/Testing | Found Prototype Processor 11401 | -3/Testing | Identified Spectral Analyzer 11428 | -3/Testing | Spotted Striker 11431 | -3/Testing | Spotted Striker 11472 | -3/Testing | Found Prototype Device 11472 | -3/Testing | Identified Exp. Thermal Shield 11557 | -3/Testing | Build established: Scavenger-Skirmisher 11665 | -3/Testing | X0-1V1 sent you into danger 11714 | -3/Testing | Found Prototype Device 11714 | -3/Testing | Identified Adv. EM Shield 11721 | -3/Testing | X0-1V1 activates XOMVISION 11741 | -3/Testing | X0-1V1 mutated your Utility slot to Weapon slot 11808 | -3/Testing | Found Prototype Device 11808 | -3/Testing | Identified Thermal Barrier 11939 | -3/Testing | First assault squad dispatched 11949 | -3/Testing | Garrison activated, responded to threat 11996 | -3/Testing | High security lockdown imminent 12060 | -3/Testing | Entered Research 12060 | -2/Research | Accompanied by 4 allies 12060 | -2/Research | Warlord forces began assault on 0b10 12060 | -2/Research | Evolved 2 slots: Utility x2 12128 | -2/Research | Spotted B-90 Cyclops 12141 | -2/Research | Weapon slot count temporarily expanded by X0-1V1 (+2) 12148 | -2/Research | Allies destroyed B-90 Cyclops 12170 | -2/Research | Research machine network offline 12192 | -2/Research | Met up with Warlord 12209 | -2/Research | Found Prototype Launcher 12209 | -2/Research | Identified Mni. Smartbomb Launcher 12232 | -2/Research | Build established: Scavenger-Tank 12308 | -2/Research | X0-1V1 activates XOMVISION 12320 | -2/Research | Identified exit to Quarantine 12320 | -2/Research | X0-1V1 revealed exit location to -2/Quarantine 12343 | -2/Research | Borebot progress halted 12403 | -2/Research | Borebot progress halted 12466 | -2/Research | Found Fusion Bomb Launcher 12498 | -2/Research | Found Powered Armor 12614 | -2/Research | Spotted Striker 12617 | -2/Research | Spotted Striker 12621 | -2/Research | Destroyed Striker 12623 | -2/Research | Destroyed Striker 12714 | -2/Research | Discovered new exit (range 6) 12772 | -2/Research | Destroyed Striker 12822 | -2/Research | Found Prototype Processor 12822 | -2/Research | Identified Exp. Melee Analysis Suite 12830 | -2/Research | Spotted Executioner 12851 | -2/Research | Spotted Executioner 12852 | -2/Research | Spotted Executioner 12853 | -2/Research | Spotted Striker 12857 | -2/Research | Destroyed Executioner 12861 | -2/Research | Found Exp. Core Analyzer 12869 | -2/Research | Allies destroyed Striker 12954 | -2/Research | Discovered exit to Quarantine (range 14) 12995 | -2/Research | Borebot progress halted 13021 | -2/Research | Destroyed 7 combat bots 13033 | -2/Research | High security lockdown imminent 13055 | -2/Research | Entered Quarantine 13055 | -2/Quarantine | Accompanied by 1 ally 13055 | -2/Quarantine | Spotted Alpha 7 13107 | -2/Quarantine | Found Alien Artifact 13168 | -2/Quarantine | Found Alien Artifact 13168 | -2/Quarantine | Identified Dimensional Node Initializer (x2) 13168 | -2/Quarantine | Initialized slip node 13279 | -2/Quarantine | Found Exp. Weapon Cycler 13288 | -2/Quarantine | Found Alien Artifact 13305 | -2/Quarantine | First assault squad dispatched 13381 | -2/Quarantine | High security lockdown imminent 13399 | -2/Quarantine | Destroyed 8 combat bots 13428 | -2/Quarantine | Found Alien Slashing Weapon 13428 | -2/Quarantine | Identified Sigix Broadsword 13461 | -2/Quarantine | High security lockdown engaged 13510 | -2/Quarantine | X0-1V1 added 0b10 threat records associated with you (major) 13564 | -2/Quarantine | X0-1V1 sent allied H-81 Overseer (x2) 13638 | -2/Quarantine | Found Alien Energy Cannon 13669 | -2/Quarantine | Found Alien Artifact 13700 | -2/Quarantine | Found Alien Artifact 13700 | -2/Quarantine | Identified Phase Armor 13729 | -2/Quarantine | Build established: Scavenger-Mutant 13935 | -2/Quarantine | Spotted Fortress 13958 | -2/Quarantine | X0-1V1 sent you to a vault 13967 | -2/Quarantine | Found Thermal Barrier 13970 | -2/Quarantine | Found Prototype Processor 14000 | -2/Quarantine | Found Prototype Device 14000 | -2/Quarantine | Identified Exp. Transmission Jammer 14004 | -2/Quarantine | Found Prototype Device 14004 | -2/Quarantine | Identified System Purifier 14031 | -2/Quarantine | Spotted Executioner 14031 | -2/Quarantine | Spotted Striker 14036 | -2/Quarantine | Spotted Executioner 14039 | -2/Quarantine | Identified Terrabomb 14039 | -2/Quarantine | Used Terrabomb 14039 | -2/Quarantine | Spotted Investigator 14039 | -2/Quarantine | Spotted Investigator 14040 | -2/Quarantine | X0-1V1 downgraded hostiles (x8) 14042 | -2/Quarantine | Weapon slot count temporarily expanded by X0-1V1 (+2) 14044 | -2/Quarantine | Spotted Striker 14052 | -2/Quarantine | Crushed by falling debris 14053 | -2/Quarantine | System corruption reached 10% 14057 | -2/Quarantine | Spotted Striker 14057 | -2/Quarantine | Destroyed Investigator 14057 | -2/Quarantine | Garrison activated, responded to threat 14065 | -2/Quarantine | Identified Core Reset Matrix 14065 | -2/Quarantine | Identified Subatomic Replicator 14065 | -2/Quarantine | Identified Core Cannon 14065 | -2/Quarantine | Used Core Reset Matrix 14067 | -2/Quarantine | Crushed by falling debris 14068 | -2/Quarantine | Core integrity fell below 50% 14069 | -2/Quarantine | Detected hypermatrix surge 14069 | -2/Quarantine | Sensed 9 artifacts in vicinity 14077 | -2/Quarantine | Core integrity fell below 20% 14083 | -2/Quarantine | Spotted Striker 14083 | -2/Quarantine | Spotted Striker 14084 | -2/Quarantine | Released all parts (3) 14084 | -2/Quarantine | Destroyed by Striker with Compact Linear Accelerator Last Messages --------------- 14083_ G-73 Enforcer Unknown Device blasted off. 14083_ C-45 Heavy ARC bursts open, deploying its payload. 14083_ P-80 Master unfolds itself. 14083_ H-88 Terminator unfolds itself. 14083_ Striker unfolds itself. 14083_ E-15 Imp unfolds itself. 14083_ M-36 Artificer fits Unknown Power Core on M-36 Artificer. 14084_ P-80 Master resets M-36 Artificer, system corruption cleaned. 14084_ Hds. Centrium Leg destroyed. 14084_ Centrium Leg blown off. 14084_ E-15 Imp destroyed. 14084_ Exp. Heat Sink destroyed. 14084_ M-36 Artificer repairs P-70 Sage. 14084_ Released Exp. Core Analyzer. 14084_ Released Lrg. Storage Unit. 14084_ Released Adv. Signal Interpreter. 14084_ X0-1V1 giggles madly! Map ----- +----------------------------------------------------+ | | | | | | | | | | | | | | | | | | | | | | | | | | | | | | | | | | | | | | | ??? ##??????????????????????????? | | ?? #??????????????????????????? | | ? ###????????????????????????? | | ###??????????????????????? | | # # p #%#??????????????????????? | | "" ;;;;;K;;]!###########????????????? | | ! p ! p FFFgp@! p ????????? | | %% %% % % bKFFFK=!! p% ????????? | | g!pmhhl FFFggbphK Km ????????? | | %g=p m ihg %!g g % ?????????? | | % * %*%%! b g igg%m ?????????? | | !%] [%= % % g ??????????? | | " ;;; ;;###########??????????? | | %% % ; ###????????????????????? | | % ## ; "#??????????????????????? | | # ; ""#??????????????????????? | | % ; ""#??????????????????????? | | % ;"""""""???????????????????????? | | ;;;;;###???????????????????????? | | #?????????????????????????? | | ##?????????????????????????? | | #??????????????????????????? | | ##??????????????????????????? | | #???????????????????????????? | | ##???????????????????????????? | | ##????????????????????????????? | | ?? ##?????????????????????????????? | | ???? ##??????????????????????????????? | | ??????? #?????????????????????????????????? | | ????????? #???????????????????????????????????? | | ?????????????????????????????????????????????????? | +----------------------------------------------------+ Best States ------------- Heat Dissipation 118 Energy Generation 55 Energy Capacity 2000 Matter Stores 800 Matter Capacity 900 Sight Range 29 Robot Scan Range 16 Terrain Scan Range 20 Terrain Scan Density 210 Jamming Range 22 Cloak Strength 3 Power Amplification 20 Additional Mass Support 12 Base Temperature (-) 200 Armor Coverage 750 Resistance: KI 30 Resistance: TH 50 Resistance: EM 50 Weapon Shielding 66 Weapon Cycling 30 Melee Speed Boost 50 Phase Shifting 15 Evasion (%) 99 Targeting Accuracy 12 Melee Accuracy 6 Target Analysis 14 Core Analysis 8 Recoil Reduction 6 Energy Filtering 30 Kinecelleration 50 Salvage Targeting 1 Offensive Hacking 12 Defensive Hacking 20 Item Schematics ----------------- None Robot Schematics ------------------ None Fabricated ------------ Nothing Repaired ---------- Lgt. Armor Plating | 40% | -9/Materials Spread Laser | 40% | -9/Materials Lgt. Armor Plating | 33% | -9/Storage Studied --------- None Alien Tech Used ----------------- Dimensional Node Initializer Sigix Broadsword Phase Armor Terrabomb Core Reset Matrix Achievements -------------- None Challenges ------------ None Game ------ Seed MinesnifferSalvageBarrier Manual? 0 Play Time 04:18:51 Cumulative 473.7 hours Start 2026.06.27 @ 22:55:51 End 2026.06.28 @ 03:44:48 Sessions 1 Manual Loads 0 Difficulty Rogue Special Mode None Game No. 210 Rogue 210 Adventurer 0 Explorer 0 Win Type - Total 25 Types 11/2/4/2/1/1/1/1/1/1 Lore% 89 Gallery% 79 Achievement% 73 Wizard Run 0 Options --------- Layout 2 ASCII 0 Keyboard 1 Movement Arrows Keybinds 0 Fullscreen 2 Font 24/Terminus Map View 50x44 Zoom Use 0% Tactical HUD 1 Map Filters BRIGHTNESS(90)|SATURATION(90) Filters NONE Steam 1 RUN: 20f3c1c6-e9d5-4572-a8bd-8bb87dd13422